 Dungeon Crawl Stone Soup version 0.31-a0-175-g9f7f995f2b (webtiles) character file.

Game seed: 9750767539153109480

319 qw the Shooter (level 6, -4/38 HPs)
             Began as a Gargoyle Hunter on June 17, 2023.
             Slain by Duvessa
             ... wielding a +0 short sword
              (12 damage)
             ... on level 4 of the Dungeon.
             The game lasted 00:01:18 (3443 turns).

qw the Shooter (Gargoyle Hunter)                    Turns: 3443, Time: 00:01:18

Health: -4/38      AC:  9    Str: 14    XL:     6   Next: 46%
Magic:  6/6        EV: 15    Int: 10    God:
Gold:   110        SH:  0    Dex: 15    Spells: 5/5 levels left

rFire   . . .        Y - +0 shortbow
rCold   . . .        (shield currently unavailable)
rNeg    + . .        b - +0 ring mail
rPois   inf          (no helmet)
rElec   +            (no cloak)
rCorr   .            (no gloves)
SInv    .            (no boots)
Will    .....        (no amulet)
Stlth   +            e - +5 ring of evasion
HPRegen 0.26/turn    (no ring)
MPRegen 0.10/turn

%: no passive effects
@: no status effects
A: sickness immunity, AC +4, negative energy resistance 1, electricity
resistance, torment resistance 1, petrification resistance
a: no special abilities


You were on level 4 of the Dungeon.
You visited 1 branch of the dungeon, and saw 4 of its levels.

You collected 239 gold pieces.
You spent 129 gold pieces at shops.


Innate Abilities, Weirdness & Mutations

You are immune to sickness and miasma.
Your stone body is resilient. (AC +4)
You are immune to poison.
You resist negative energy. (rN+)
You are resistant to electric shocks. (rElec)
You are resistant to unholy torment.
You are immune to petrification.


   Skills:
 - Level 4.1 Fighting
 + Level 6.7 Ranged Weapons
 - Level 1.0 Armour
 - Level 1.5 Dodging
 - Level 1.1 Stealth


You had 5 spell levels left.
You didn't know any spells.
Your spell library was empty.

Inventory:

Hand Weapons
 Y - a +0 shortbow (weapon)
Armour
 b - a +0 ring mail (worn)
 i - a +0 helmet
Jewellery
 e - a +5 ring of evasion (left hand)
Scrolls
 g - a scroll of immolation {unknown}
 j - a scroll of identify
Potions
 a - a potion of mutation {unknown}
 c - a potion of attraction {unknown}
 d - 2 potions of might {unknown}
 f - a potion of haste {unknown}
 h - a potion of brilliance {unknown}
 k - a potion of degeneration {unknown}

Dungeon Overview and Level Annotations

Branches:
Dungeon (4/15)
 Temple: D:4-7

Altars:
Ashenzari
Qazlal

Shops:
D:2 [   D:3 [([*[

Annotations:
D:4 Duvessa


Message History

You shoot an arrow. The arrow hits Dowan.
You kill Dowan!
You hear a distant scream of rage.
Duvessa goes berserk!
Enter note:
Enter note:
Enter note:
Enter note:
Enter note:
Enter note:
Enter note:
Enter note:
Enter note: You shoot an arrow.
The arrow hits Duvessa.
Duvessa is lightly wounded.
Duvessa barely misses you.
You shoot an arrow. The arrow hits Duvessa.
Duvessa is lightly wounded.
Duvessa hits you with a +0 short sword. Duvessa misses you.
You shoot an arrow. The arrow hits Duvessa.
Duvessa is lightly wounded.
Duvessa closely misses you.
You shoot an arrow. The arrow completely misses Duvessa.
Duvessa hits you with a +0 short sword. x2
You shoot an arrow. The arrow hits Duvessa.
Duvessa is moderately wounded.
Duvessa hits you with a +0 short sword! Duvessa closely misses you.
You shoot an arrow. The arrow barely misses Duvessa.
Duvessa hits you with a +0 short sword. x2
You shoot an arrow. The arrow barely misses Duvessa.
Duvessa barely misses you.
You shoot an arrow. The arrow hits Duvessa.
Duvessa is moderately wounded.
Duvessa misses you. Duvessa hits you but does no damage.
You shoot an arrow. The arrow barely misses Duvessa.
Duvessa barely misses you. Duvessa misses you.
You shoot an arrow. The arrow hits Duvessa.
Duvessa is moderately wounded.
Duvessa hits you with a +0 short sword. Duvessa hits you with a +0 short sword!
You die...

##.....###.###)####.##..###.#####
#..............# #.##...........
##.....#####..#####.##..###.#####
#....## #.....#.).#..# #.# #
#.#)#### ##............###.# #
#.#....# #......#...#....#.# #
#.####.# #......##.#####.#.# #
#.# #.# #.........##....#.# # #.#
#.# #.....@#####)##.#.# #
#.####.###......e.# #.##.#######
#............#..#.# #.##.##.[..#
######.......##...# #.##.##..#.)
#######.###.## #.##..'.#..#
#.##...###.##.##....#
#..........##.#######
#.##...##............
#.>.............)....


You could see Duvessa (berserk).

Vanquished Creatures
  A scorpion (D:4)
  Dowan (D:4)
  An iguana (D:4)
  7 gnolls
  3 adders
  2 worms
  8 orcs
  5 endoplasms
  4 giant cockroaches
  12 goblins
  10 hobgoblins
  2 jackals (D:2)
  11 kobolds
  2 quokkas
  3 ball pythons
  2 bats
  3 frilled lizards (D:3)
  5 rats
82 creatures vanquished.

Notes
Turn   | Place    | Note
-------+----------+-------------------------------------------
     0 | D:1      | qw the Gargoyle Hunter began the quest for the Orb.
     0 | D:1      | Reached XP level 1. HP: 12/12 MP: 1/1
     0 | D:1      | 0 ||| qw: Version: 0.3-a-2-g5ab2908
     0 | D:1      | 0 ||| qw: Game counter: 129
     0 | D:1      | 0 ||| qw: Always use a shield: true
     0 | D:1      | 0 ||| qw: God list: Okawaru
     0 | D:1      | 0 ||| qw: Allow faded altars: false
     0 | D:1      | 0 ||| qw: Do Orc after D:15 true
     0 | D:1      | 0 ||| qw: Do second Lair branch before Depths: true
     0 | D:1      | 0 ||| qw: Lair rune preference: random
     0 | D:1      | 0 ||| qw: Plans: Normal, Zot:1-4, Slime:5, God:TSO, Crypt,
                  | Tomb, Abyss, Pan, Hells, Win
     0 | D:1      | 0 ||| PLANNING D:1-11
    71 | D:1      | Reached XP level 2. HP: 17/17 MP: 2/2
   592 | D:1      | 592 ||| READING scroll labelled HOXKAU WOUZO.
   597 | D:1      | 597 ||| READING scroll labelled RIPNOI PECYPIH.
   598 | D:1      | 598 ||| READING scroll labelled JALUOPT FEMIO.
   599 | D:1      | 599 ||| DRINKING 2 smoky purple potions.
   600 | D:1      | 600 ||| DROPPING scroll of butterflies.
   622 | D:2      | 622 ||| STAIRDANCE
   633 | D:1      | Reached skill level 5 in Ranged Weapons
   633 | D:1      | Reached XP level 3. HP: 14/21 MP: 3/3
   705 | D:2      | HP: 5/22 [frozen (2)]
   706 | D:2      | 706 ||| DRINKING potion of heal wounds.
   967 | D:2      | Found Joojief's Antique Armour Shop.
   986 | D:2      | 986 ||| SHOPLISTING ring mail (96 gold, have 92).
   986 | D:2      | 986 ||| SHOPLISTING runed ring mail (168 gold, have 92).
  1596 | D:2      | Reached skill level 3 in Fighting
  1830 | D:2      | 1830 ||| READING scroll labelled UTTEOSHR QUOGGI.
  1971 | D:3      | Reached XP level 4. HP: 15/28 MP: 4/4
  2061 | D:3      | Found Kysoov's Antique Armour Emporium.
  2069 | D:3      | 2069 ||| BUYING ring mail (104 gold).
  2069 | D:3      | Bought a ring mail for 104 gold pieces
  2070 | D:3      | Found a broken altar of Ashenzari.
  2080 | D:3      | Found Ikhoqi's Armour Shoppe.
  2087 | D:3      | 2087 ||| SHOPLISTING +0 cloak (63 gold, have 20).
  2087 | D:3      | 2087 ||| SHOPLISTING +0 helmet (63 gold, have 20).
  2103 | D:3      | 2103 ||| UPGRADING to +0 ring mail.
  2114 | D:3      | 2114 ||| DROPPING +0 leather armour.
  2131 | D:3      | 2131 ||| READING scroll labelled DECRIF SUIBE.
  2263 | D:3      | Found Vewaf's Assorted Antiques.
  2270 | D:3      | 2270 ||| BUYING scroll labelled INIDYH OHE (25 gold).
  2270 | D:3      | Bought a scroll labelled INIDYH OHE for 25 gold pieces
  2270 | D:3      | 2270 ||| SHOPLISTING scroll labelled WITAZOD YLEDU (25
                  | gold, have 17).
  2270 | D:3      | 2270 ||| SHOPLISTING scroll of teleportation (75 gold, have
                  | 17).
  2270 | D:3      | 2270 ||| SHOPLISTING sharpened bone wand (100 gold, have
                  | 17).
  2270 | D:3      | 2270 ||| SHOPLISTING shiny ring mail (175 gold, have 17).
  2291 | D:3      | Found Wotask's Weapon Boutique.
  2299 | D:3      | 2299 ||| SHOPLISTING +1 shortbow of electrocution (188
                  | gold, have 17).
  2331 | D:3      | Found Umoximm's Armour Shoppe.
  2338 | D:3      | 2338 ||| SHOPLISTING +0 cloak (45 gold, have 17).
  2338 | D:3      | 2338 ||| SHOPLISTING +1 helmet of see invisible (165 gold,
                  | have 17).
  2338 | D:3      | 2338 ||| SHOPLISTING +1 ring mail of cold resistance (160
                  | gold, have 17).
  2562 | D:3      | Reached skill level 1 in Armour
  2626 | D:3      | Reached XP level 5. HP: 14/32 MP: 5/5
  2764 | D:3      | 2764 ||| UPGRADING to +5 ring of evasion.
  2765 | D:3      | 2765 ||| READING 2 scrolls labelled INIDYH OHE.
  2766 | D:3      | 2766 ||| READING scroll labelled IROERO JIMOHOMOE.
  2767 | D:3      | 2767 ||| DROPPING scroll of noise.
  2812 | D:4      | Found a stormy altar of Qazlal.
  3046 | D:4      | Reached skill level 6 in Ranged Weapons
  3149 | D:4      | Reached XP level 6. HP: 35/37 MP: 6/6
  3371 | D:4      | Noticed Duvessa
  3415 | D:4      | Noticed Dowan
  3419 | D:4      | Killed Dowan
  3439 | D:4      | HP: 9/38 [Duvessa/+0 short sword (2)]
  3443 | D:4      | Slain by Duvessa

Levels and vault maps discovered:
D:1:      dpeg_arrival_rhombi, layout_basic
D:2:      layout_basic, serial_shops, nicolae_shop_window_shopping, st_stairs_6,
          grunt_ministairs_10
D:3:      minmay_diamond_boxcup, layout_loops_ring,
          mainiacjoe_overflow_tiny_flanked, serial_shops, shop,
          nicolae_shop_stone, shop, nicolae_shop_statue_plus, shop,
          kennysheep_crisscross, small_statue_intersection,
          kennysheep_generic_room_2
D:4:      layout_loops_ring, grunt_qazlal_sundering, minivault_23,
          kennysheep_generic_room_14, uniq_duvessa

Skill      XL: |  1  2  3  4  5  6 |
---------------+-------------------+-----
Ranged Weapons | 5 6 |  6.7
Fighting       | 3 4 |  4.1
Armour         | 1 |  1.0
Dodging        | |  1.5
Stealth        | |  1.1

Action                     |  1- 3 |  4- 6 || total
---------------------------+-------+-------++-------
   Fire: Shortbow          |   138 |   182 ||   320
    Use: Scroll            |     4 |     3 ||     7
         Potion            |     2 |       ||     2
 Armour: Leather armour    |    37 |     1 ||    38
         Ring mail         |       |    53 ||    53
  Dodge: Dodged            |    61 |   108 ||   169

Table legend:
 A = Non-vault XP
 B = Vault XP
 C = Vault XP percentage of total XP
 D = Non-vault monster count
 E = Vault monster count
 F = Vault count percentage of total count
                 A         B        C        D         E       F
            +---------+---------+-------+---------+---------+-------
      Total |     303 |     154 |  33.7 |      65 |      17 |  20.7
            +---------+---------+-------+---------+---------+-------
        D:1 |      41 |       2 |   4.7 |      17 |       1 |   5.6
        D:2 |      24 |       9 |  27.3 |      14 |       3 |  17.6
        D:3 |      62 |      35 |  36.1 |      14 |      10 |  41.7
        D:4 |     176 |     108 |  38.0 |      20 |       3 |  13.0
            +---------+---------+-------+---------+---------+-------
